 Dungeon Crawl Stone Soup version 0.28-a0-1143-gcf6077d4cc (webtiles) character file.

Game seed: 15884901714618160529

1063 ytrimaz the Chopper (level 8, 0/61 HPs)
             Began as a Formicid Fighter on Dec 13, 2021.
             Was a Follower of Okawaru.
             Killed by divine providence
             ... invoked by an orc priest
              (10 damage)
             ... on level 6 of the Dungeon.
             The game lasted 00:05:41 (5645 turns).

ytrimaz the Chopper (Formicid Fighter)              Turns: 5645, Time: 00:05:41

Health: 0/61       AC: 10    Str: 23    XL:     8   Next: 52%
Magic:  9/9        EV:  9    Int:  8    God:    Okawaru [*.....]
Gold:   245        SH:  4    Dex: 10    Spells: 7/7 levels left

rFire   . . .      SeeInvis +   a - +0 war axe
rCold   . . .      Faith    .   c - +0 buckler
rNeg    . . .      Spirit   .   b - +0 scale mail
rPois   .          Reflect  .   (helmet unavailable)
rElec   .          Harm     .   (no cloak)
rCorr   .          Rampage  .   i - +0 pair of gloves
Will    .....                   (no boots)
Stlth   ..........              (no amulet)
HPRegen 0.20/turn               (no ring)
MPRegen 0.11/turn               (no ring)

@: no status effects
A: permanent stasis, dig shafts and tunnels, antennae 3, four strong arms,
iridescent scales 1, evolution 1
a: Dig, Shaft Self, Renounce Religion, Heroism


You were on level 6 of the Dungeon.
You worshipped Okawaru.
Okawaru was aware of your devotion.
You visited 2 branches of the dungeon, and saw 7 of its levels.

You collected 245 gold pieces.

Inventory:

Hand Weapons
 a - a +0 war axe (weapon)
Armour
 b - a +0 scale mail (worn)
 c - a +0 buckler (worn)
 i - a +0 pair of gloves (worn)
Wands
 d - a wand of polymorph (2)
 e - a wand of iceblast (4)
 n - a wand of flame (17)
Scrolls
 g - a scroll of amnesia
 l - a scroll of fog
 m - a scroll of holy word
Potions
 h - 2 potions of heal wounds {unknown}
 j - a potion of lignification {unknown}
 k - a potion of might


   Skills:
 + Level 4.7 Fighting
 * Level 7.8 Axes
 + Level 4.9 Armour
 + Level 4.7 Shields
 + Level 0.6 Unarmed Combat
 * Level 1.5 Invocations


You had 7 spell levels left.
You didn't know any spells.
Your spell library contained the following spells:

 Spells                   Type           Power      Damage    Failure   Level
 Beastly Appendage        Tmut           0%         N/A       71%         1
 Ensorcelled Hibernation  Hex/Ice        0%         N/A       85%         2
 Wereblood                Tmut           0%         N/A       85%         2
 Ignite Poison            Fire/Tmut/Pois 0%         N/A       97%         3
 Lesser Beckoning         Tloc           0%         N/A       97%         3
 Mephitic Cloud           Conj/Pois/Air  0%         N/A       97%         3
 Spider Form              Tmut/Pois      0%         N/A       97%         3
 Freezing Cloud           Conj/Ice/Air   0%         6-21      100%        5
 Manifold Assault         Tloc           0%         N/A       100%        5
 Blink                    Tloc           Unusable   N/A       N/A         2

Dungeon Overview and Level Annotations

Branches:
Dungeon (6/15)             Temple (1/1) D:5

Altars:
Ashenzari
Cheibriados
Dithmenos
Elyvilon
Fedhas
Gozag
Hepliaklqana
Kikubaaqudgha
Makhleb
Nemelex Xobeh
Okawaru
Qazlal
Ru
Sif Muna
Trog
Uskayaw
Vehumet
Wu Jian
Xom
Yredelemnul
Zin
The Shining One
Beogh

Shops:
D:3 ((?   D:5 [=

Annotations:
D:3 2 transporters, KennySheep's ghost, amateur DEWz
D:4 3 runed translucent doors, croobank's ghost, amateur OpCj
D:5 3 runed translucent doors, RepHenryClay's ghost, novice OpVM
D:6 1 runed translucent door, ThrustWizard's ghost, novice DsGl


Innate Abilities, Weirdness & Mutations

You cannot be hasted, slowed, berserked, paralysed or teleported.
You can dig through walls and to a lower floor.
You have a pair of large antennae on your head. (SInv)
Your four strong arms can wield two-handed weapons with a shield.
You are partially covered in iridescent scales. (AC +2)
You have hidden genetic potential.


Message History

The sky beast barely misses you.
The orc priest mumbles some strange prayers to Beogh against you.
Beogh smites you!
The orc wizard points at you and mumbles some strange words.
The puff of flame hits you.
You closely miss the sky beast. You hit the orc wizard.
The sky beast barely misses you.
The orc priest calls down the wrath of Beogh upon you.
Beogh smites you!
* * * LOW HITPOINT WARNING * * *
The orc wizard completely misses you.
Unknown command.
Unknown command.
The orc wizard hits you with a +0 dagger.
* * * LOW HITPOINT WARNING * * *
Things that are here:
a +0 club; an orc corpse The orc wizard casts a spell at you.
The magic dart hits you but does no damage.
The orc priest mumbles some strange prayers to Beogh against you.
Beogh smites you!
* * * LOW HITPOINT WARNING * * *
The orc wizard casts a spell at you.
You are confused.
ThrustWizard's ghost whispers, "Death is liberation."
You are too confused!
Unknown command.
It was a potion of curing.
You feel better.
The sky beast hits you but does no damage.
You feel better. The sky beast barely misses you.
The sky beast flickers out of sight for a moment.
The sky beast flickers out of sight for a moment.
ThrustWizard's ghost says, "Are you willing to die fighting?
I was!"
The orc priest calls down the wrath of Beogh upon you.
Beogh smites you!
* * * LOW HITPOINT WARNING * * *
The sky beast flickers out of sight for a moment.
The orc priest invokes the aid of Beogh against you.
Beogh smites you!
You die...

.....................#........
.........#..o..#.....#.......#
.........##....#.###.#........
.........####.##.# #...#....
..................#.#
#.#.#..<.
.........#######o.#.# # #
#.... .........# #..#.# #...#
.........# #Y.#.# #....
.........# #@.#.# #..##
.........# #..#.# #..#
.........# #....# #..#
.........#######.#..# {#..#
.........'.......#..# #.#..##
.........#########..# {
#...... ..###......#...#...>#
#.....#.# ..#
#......#.#.#.#### #######.#
.## #......#.#.#..... #......


You could see a sky beast (invisible), an orc priest and an orc wizard
(invisible).

Vanquished Creatures
  An ice beast (D:5)
  A sky beast (D:5)
  An ogre (D:4)
  A necrophage (D:6)
  Blork the orc (D:4)
  A scorpion (D:4)
  A bullfrog zombie (D:5)
  3 hounds
  2 orc priests (D:4)
  A bullfrog skeleton (D:5)
  A centaur skeleton (D:4)
  Jessica (D:2)
  Ijyb (D:4)
  2 iguanas
  2 orc wizards (D:4)
  Robin (D:3)
  A howler monkey skeleton (D:5)
  7 adders
  A white imp (D:5)
  An ufetubus (D:5)
  2 worms (D:2)
  3 dart slugs
  9 orcs
  4 ball pythons
  4 endoplasms
  4 giant cockroaches
  12 goblins
  15 hobgoblins
  3 quokkas
  5 bats
  4 frilled lizards
  7 kobolds
  2 rats
105 creatures vanquished.

Notes
Turn   | Place    | Note
-------+----------+-------------------------------------------
     0 | D:1      | ytrimaz the Formicid Fighter began the quest for the Orb.
     0 | D:1      | Reached XP level 1. HP: 18/18 MP: 1/1
    64 | D:1      | Reached XP level 2. HP: 16/24 MP: 2/2
   521 | D:1      | Reached XP level 3. HP: 29/29 MP: 3/3
  1025 | D:2      | Found a faded altar of an unknown god.
  1057 | D:2      | Reached skill level 3 in Axes
  1365 | D:2      | Gained mutation: You are agile. (Dex +2) [potion of
                  | mutation]
  1365 | D:2      | Gained mutation: You have an increased reservoir of magic.
                  | (+10% MP) [potion of mutation]
  1365 | D:2      | Gained mutation: You occasionally shout uncontrollably at
                  | your foes. [potion of mutation]
  1365 | D:2      | Gained mutation: Your muscles are strong. (Str +2) [potion
                  | of mutation]
  1590 | D:2      | Found a basalt altar of Yredelemnul.
  1590 | D:2      | Noticed Jessica
  1594 | D:2      | Killed Jessica
  1595 | D:2      | Reached XP level 4. HP: 36/37 MP: 4/4
  1771 | D:3      | Found Unymm's Weapon Emporium.
  1783 | D:3      | Noticed Robin
  1796 | D:3      | Killed Robin
  1811 | D:3      | Reached XP level 5. HP: 29/42 MP: 5/5
  1976 | D:3      | Found Amahab Deiny's Antique Weapon Boutique.
  2042 | D:3      | Found a transporter.
  2051 | D:3      | Noticed KennySheep's ghost (amateur DEWz)
  2054 | D:3      | Found a transporter.
  2257 | D:3      | Found Wiutty's Magic Scroll Shop.
  2339 | D:3      | Reached skill level 4 in Axes
  2705 | D:4      | Noticed an ogre
  2725 | D:4      | Killed an ogre
  2726 | D:4      | Reached skill level 5 in Axes
  2726 | D:4      | Reached XP level 6. HP: 29/48 MP: 6/6
  2730 | D:4      | Noticed Ijyb
  2736 | D:4      | Killed Ijyb
  2740 | D:4      | Noticed Blork the orc
  2754 | D:4      | Killed Blork the orc
  2853 | D:4      | Reached XP level 7. HP: 7/54 MP: 7/7
  3124 | D:4      | Reached skill level 6 in Axes
  3396 | D:4      | Lost mutation: You occasionally shout uncontrollably at
                  | your foes. [potion of mutation]
  3396 | D:4      | Lost mutation: You have an increased reservoir of magic.
                  | (+10% MP) [potion of mutation]
  3396 | D:4      | Lost mutation: Your muscles are strong. (Str +2) [potion of
                  | mutation]
  3396 | D:4      | Gained mutation: Your muscles are strong. (Str +2) [potion
                  | of mutation]
  3396 | D:4      | Gained mutation: Your body sometimes deteriorates upon
                  | taking damage. [potion of mutation]
  3468 | D:4      | Noticed croobank's ghost (amateur OpCj)
  3472 | D:4      | Noticed a wyvern
  3474 | D:4      | Found a runed translucent gate.
  3474 | D:4      | Found a runed translucent gate.
  3474 | D:4      | Found a runed translucent gate.
  3731 | D:4      | Found an ornate altar of the Wu Jian Council.
  3965 | D:4      | Lost mutation: You are agile. (Dex +2) [potion of mutation]
  3965 | D:4      | Lost mutation: Your body sometimes deteriorates upon taking
                  | damage. [potion of mutation]
  3965 | D:4      | Lost mutation: Your muscles are strong. (Str +2) [potion of
                  | mutation]
  3965 | D:4      | Gained mutation: You have hidden genetic potential. [potion
                  | of mutation]
  3992 | D:5      | Entered Level 5 of the Dungeon
  3994 | D:5      | Found Eru Kese's Jewellery Emporium.
  4214 | D:5      | Found Vapruis's Armour Shop.
  4241 | D:5      | Found a staircase to the Ecumenical Temple.
  4268 | Temple   | Entered the Ecumenical Temple
  4388 | Temple   | Became a worshipper of Warmaster Okawaru
  4446 | D:5      | Found a runed translucent gate.
  4446 | D:5      | Found a runed translucent gate.
  4450 | D:5      | Found a runed translucent gate.
  4450 | D:5      | Noticed RepHenryClay's ghost (novice OpVM)
  4724 | D:5      | Reached XP level 8. HP: 61/61 MP: 8/8
  4771 | D:5      | Reached skill level 7 in Axes
  4941 | D:5      | Reached skill level 1 in Invocations
  4951 | D:5      | Reached * piety under Okawaru
  5225 | D:5      | Gained mutation: You are partially covered in iridescent
                  | scales. (AC +2) [hidden potential]
  5598 | D:6      | Noticed ThrustWizard's ghost (novice DsGl)
  5613 | D:6      | Found a runed translucent door.
  5629 | D:6      | HP: 2/61 [orc priest/divine providence (11)]
  5645 | D:6      | Killed from afar by an orc priest

Illustrated notes

Levels and vault maps discovered:
D:1:      scummos_arrival_forest, layout_loops_ring
D:2:      layout_rooms, basic_altar, shapermc_ecumenical_altar_gd,
          wad_floor_pattern_1, st_stairs_8, uniq_jessica
D:3:      layout_loops_cross, serial_shops, nicolae_shop_bloodbath_and_beyond,
          shop, nicolae_shop_hallway_plus, gammafunk_ghost_arena,
          kennysheep_generic_room_10, uniq_robin
D:4:      layout_rooms, mainiacjoe_overflow_small_starburst,
          gammafunk_ghost_split, uniq_ijyb, uniq_blork_the_orc
D:5:      layout_basic, minmay_temple_entry_slanted, biasface_ghost_orc_armoury,
          serial_shops, shop, minmay_misc_feat_four_crosses, hex_large,
          nicolae_stop_n_shop_1
D:6:      layout_basic, hellmonk_ghost_happy_afterlife
Temple:   compressed_dpeg_circular_temple

Skill      XL: |  1  2  3  4  5  6  7  8 |
---------------+-------------------------+-----
Axes           | 3 5 6 7 |  7.8
Shields        | 4 |  4.7
Armour         | 4 |  4.9
Fighting       | 4 |  4.7
Invocations    | 1 |  1.5
Unarmed Combat | |  0.6

Action                   |  1- 3 |  4- 6 |  7- 9 || total
-------------------------+-------+-------+-------++-------
Melee: War axe           |   110 |   107 |   139 ||   356
       Unarmed           |       |    11 |       ||    11
  Use: Scroll            |     5 |     2 |     3 ||    10
       Potion            |     1 |     1 |     4 ||     6
Armor: Scale mail        |    45 |    62 |    60 ||   167
Dodge: Dodged            |    50 |    57 |    74 ||   181
Block: Buckler           |    34 |    32 |    27 ||    93

Table legend: (Time is in decaauts)
 A = Elapsed time spent in this place.
 B = Non-inter-level travel time spent in this place.
 C = Inter-level travel time spent in this place.
 D = Time resting spent in this place.
 E = Time spent auto-exploring this place.
 F = Levels seen in this place.
 G = Mean time per level.
                   A        B        C        D        E       F      G
               +--------+--------+--------+--------+--------+-----+--------+
         Total |   5738 |   5609 |    129 |    135 |   4429 |   7 |  819.7 |
       Dungeon |   5593 |   5497 |     96 |    135 |   4343 |   6 |  932.2 |
        Temple |    145 |    112 |     33 |      0 |     86 |   1 |  145.0 |
               +--------+--------+--------+--------+--------+-----+--------+

Top non-repeatable levels by time:
     D:4: 1310 daAuts
     D:5: 1234 daAuts
     D:3: 982 daAuts
     D:1: 918 daAuts
     D:2: 859 daAuts
     D:6: 286 daAuts
  Temple: 145 daAuts
